 Dungeon Crawl Stone Soup version 0.29.1-15-g9cfb28693d (webtiles) character file.

Game seed: 15331540700847147677

0 hawla the Caller (level 1, 0/14 HPs)
             Began as a Meteoran Summoner on Apr 5, 2023.
             Succumbed to an adder's poison
             ... on level 2 of the Dungeon.
             The game lasted 00:00:32 (80 turns).

hawla the Caller (Meteoran Summoner)                  Turns: 80, Time: 00:00:33

Health: 0/14       AC:  2    Str:  9    XL:     1   Next: 14%
Magic:  3/5        EV: 12    Int: 16    God:
Gold:   8          SH:  0    Dex: 14    Spells: 4/5 levels left

rFire   . . .      SeeInvis .   d - +0 quarterstaff
rCold   . . .      Faith    .   (shield currently unavailable)
rNeg    . . .      Spirit   .   a - +0 robe
rPois   .          Reflect  .   (no helmet)
rElec   .          Harm     .   (no cloak)
rCorr   .          Rampage  .   (no gloves)
Will    .....                   (no boots)
Stlth   +.........              (no amulet)
HPRegen 0.04/turn               (no ring)
MPRegen 0.09/turn               (no ring)

@: lethally poisoned (0 -> -8), flying, glowing
A: sense surroundings 1, otherworldly, glowing, explore regen
a: no special abilities


You were on level 2 of the Dungeon.
You visited 1 branch of the dungeon, and saw 2 of its levels.

You collected 8 gold pieces.

Inventory:

Hand Weapons
 d - a +0 quarterstaff (weapon)
Armour
 a - a +0 robe (worn)
Potions
 b - a potion of magic


   Skills:
 + Level 2.4 Dodging
 - Level 1.4 Stealth
 + Level 2.6 Spellcasting
 + Level 4.8 Summonings


You had 4 spell levels left.
You knew the following spells:

 Your Spells              Type           Power      Damage    Failure   Level
a - Summon Small Mammal   Summ           68%        N/A       2%          1

Your spell library contained the following spells:

 Spells                   Type           Power      Damage    Failure   Level
 Call Imp                 Summ           17%        N/A       4%          2
 Call Canine Familiar     Summ           17%        N/A       8%          3
 Summon Guardian Golem    Hex/Summ       9%         N/A       22%         3
 Summon Lightning Spire   Summ/Air       9%         N/A       56%         4


Dungeon Overview and Level Annotations

Branches:
Dungeon (2/15) Zot: 1120

Altars:


Innate Abilities, Weirdness & Mutations

You passively map a small area around you.
You are easily found by Zot.
You glow in the dark.
You regain HP and MP as you explore.


Message History

The bat barely misses you.
Your bat hits the bat.
The bat dies!
c - an inky potion
Found 2 stones.
You see here a +0 quarterstaff.
d - a +0 quarterstaff (weapon)
You swap places.
Your bat disappears in a puff of smoke!
There is a stone staircase leading down here.
You climb downwards.
Found 10 gold pieces and a fuming black potion.
There is a stone staircase leading up here.
A worm and a bat come into view.
Casting: Summon Small Mammal (safe; 2% risk of failure)
Confirm with . or Enter, or press ? or * to list all spells.
The adder bites you.
Casting: Summon Small Mammal (safe; 2% risk of failure)
Confirm with . or Enter, or press ? or * to list all spells.
The bat hits you but does no damage. The adder bites you.
You are poisoned.
The adder poisons you!
The bat hits your rat but does no damage.
The adder bites you.
Your rat closely misses the bat.
You completely miss the adder.
You feel very sick. The bat misses you. The adder barely misses you.
Your rat bites the adder.
Unknown command.
You miss the adder.
The adder is lightly wounded.
You feel sick. The bat closely misses you. The bat hits your rat.
The adder bites you but does no damage.
Your rat bites the bat but does no damage.
Your rat closely misses the adder.
The adder bites you.
* * * LOW HITPOINT WARNING * * *
You are more poisoned.
The adder poisons you!
It was a potion of flight.
You feel very buoyant.
You fly up into the air.
You die...

, , , *
..#.......#
*,
*.........#
* *
........+, *
* #..w$...#
,
#.......###
, *
#..b.......
,
#.r.Sr..###
* * *
#..@.......
*
,###.#######
, #<# * #.#
, * , #.# ,
#.# *, #.#
,, , #.# *
...


You could see a worm, an adder (ally target), a bat (ally target) and 2 friendly
rats.

Vanquished Creatures (collateral kills)
  A bat (D:1)
1 creature vanquished.

Notes
Turn   | Place    | Note
-------+----------+-------------------------------------------
     0 | D:1      | hawla the Meteoran Summoner began the quest for the Orb.
     0 | D:1      | Reached XP level 1. HP: 14/14 MP: 5/5
    80 | D:2      | Succumbed to an adder's poison

Illustrated notes

Levels and vault maps discovered:
D:1:      matt_arrival_los_fun, layout_basic, chequers_ecumenical_altar_grove
D:2:      minmay_wonky_spiral, layout_rooms, minmay_misc_feat_room, uniq_jessica

Action                   || total
-------------------------++-------
Melee: Quarterstaff      ||     2
       Unarmed           ||     2
 Cast: Summon Small Mamm ||     3
  Use: Potion            ||     1
Armor: Robe              ||     4
Dodge: Dodged            ||    14
